[Event "EWCCC Online Preliminary-D 2020"]
[Site "Online"]
[Date "2020.12.19"]
[Round "4.2"]
[White "Rubsamen, Anais"]
[Black "Grigoryan, Meri"]
[Result "0-1"]
[ECO "D33"]
[WhiteElo "1692"]
[BlackElo "2044"]
[Annotator "NA"]
[PlyCount "58"]
[EventDate "2020.12.19"]
[EventType "team-tourn"]
[EventCountry "NET"]
[SourceTitle "playchess.com"]
[Source "ChessBase"]
[SourceQuality "1"]
[TimeControl "900+5"]

1. Nf3 d5 2. g3 Nf6 3. Bg2 c5 4. c4 e6 5. O-O Nc6 6. cxd5 exd5 7. d4 Be6 8. Nc3 h6 9. Re1 Be7 10. b3 O-O 11. Bb2 Rc8 12. Rc1 cxd4 13. Nxd4 Nxd4 14. Qxd4 Bc5 15. Qd1 Qa5 16. Na4 Bb4 17. Rf1 Rxc1 18. Qxc1 Rc8 19. Qe3 Bd2 20. Qe5 b5 21. e4 bxa4 22. exd5 Bxd5 23. Bxd5 Qxd5 24. Qe7 Ng4 25. Rd1 Rc2 26. Ba3 Qf3 27. Rf1 Be3 28. Qe8+ Kh7 29. fxe3 Qg2# 0-1

[Event "EWCCC Online Preliminary-D 2020"]
[Site "Online"]
[Date "2020.12.19"]
[Round "4.3"]
[White "Gunina, Valentina"]
[Black "Unuk, Laura"]
[Result "0-1"]
[ECO "E05"]
[WhiteElo "2451"]
[BlackElo "2346"]
[Annotator "RC"]
[PlyCount "90"]
[EventDate "2020.12.19"]
[EventType "team-tourn"]
[EventCountry "NET"]
[SourceTitle "playchess.com"]
[Source "ChessBase"]
[SourceQuality "1"]
[TimeControl "900+5"]

1. d4 Nf6 2. c4 e6 3. Nf3 d5 4. g3 Be7 5. Bg2 O-O 6. O-O dxc4 7. Qc2 b6 8. Qxc4 Bb7 9. Nc3 Nbd7 10. Bf4 c5 11. dxc5 Rc8 12. Rad1 Rxc5 13. Qa4 Qc8 14. Be3 Ra5 15. Qc2 Rxa2 16. Qb1 Ra5 17. b4 Rh5 18. Rc1 Qa8 19. Bf4 e5 20. Be3 Ng4 21. h3 Nxe3 22. fxe3 a5 23. g4 Rh6 24. bxa5 Bc5 25. Kf2 Qxa5 26. Ne4 Bxe4 27. Qxe4 Re6 28. Ng5 Nf6 29. Qc4 Rd6 30. Be4 Bxe3+ 31. Kxe3 Qd2+ 32. Kf2 Qxg5 33. Bb1 Rd4 34. Qb3 Rf4+ 35. Kg1 Nxg4 36. Qg3 h5 37. Rc3 Qe7 38. Rd1 Nf6 39. Rc6 h4 40. Qg5 Rd8 41. Rdc1 Rfd4 42. Kg2 Rd2 43. Rf1 Rxe2+ 44. Kh1 Qd7 45. Bf5 Qxc6+ 0-1

[Event "EWCCC Online Preliminary-D 2020"]
[Site "Online"]
[Date "2020.12.19"]
[Round "5.1"]
[White "Hrescak, Ivana"]
[Black "Balajayeva, Khanim"]
[Result "1/2-1/2"]
[ECO "D37"]
[WhiteElo "2212"]
[BlackElo "2376"]
[Annotator "RC"]
[PlyCount "96"]
[EventDate "2020.12.19"]
[EventType "team-tourn"]
[EventCountry "NET"]
[SourceTitle "playchess.com"]
[Source "ChessBase"]
[SourceQuality "1"]
[TimeControl "900+5"]

1. d4 d5 2. c4 dxc4 3. Nf3 Nf6 4. e3 e6 5. Bxc4 a6 6. O-O b5 7. Bd3 Bb7 8. Nc3 c5 9. dxc5 Bxc5 10. Qe2 Nbd7 11. Rd1 O-O 12. a3 Qc7 13. e4 Ng4 14. Rf1 Rad8 15. h3 Nge5 16. Nxe5 Nxe5 17. Bc2 Ng6 18. Be3 Bd6 19. Rad1 Be5 20. Bd2 h6 21. Bb1 Rd7 22. Na2 Rfd8 23. Bc3 Bxc3 24. Nxc3 Nf4 25. Qf3 e5 26. Rxd7 Rxd7 27. Rd1 Rd4 28. Ba2 Qd6 29. Nd5 Bxd5 30. Bxd5 Rxd1+ 31. Qxd1 Qc7 32. Kh2 Kh7 33. Qf3 f6 34. g3 Nxd5 35. exd5 Kg8 36. Kg2 Kf8 37. Qe4 Qc5 38. g4 Ke7 39. f3 Kd6 40. Qg6 Qc7 41. Qe4 Qc1 42. Qg6 Qg5 43. Qf7 Qd2+ 44. Kg3 Qe1+ 45. Kg2 Qe2+ 46. Kg3 Qe1+ 47. Kg2 Qd2+ 48. Kg3 Qe1+ 1/2-1/2

[Event "EWCCC Online Preliminary-D 2020"]
[Site "Online"]
[Date "2020.12.19"]
[Round "5.2"]
[White "Sarakauskiene, Zivile"]
[Black "Salimova, Nurgyul"]
[Result "0-1"]
[ECO "B15"]
[WhiteElo "2101"]
[BlackElo "2397"]
[Annotator "RC"]
[PlyCount "116"]
[EventDate "2020.12.19"]
[EventType "team-tourn"]
[EventCountry "NET"]
[SourceTitle "playchess.com"]
[Source "ChessBase"]
[SourceQuality "1"]
[TimeControl "900+5"]

1. e4 c6 2. d4 d5 3. Nc3 dxe4 4. Nxe4 Nf6 5. Nxf6+ exf6 6. c3 Bd6 7. Bd3 O-O 8. Qc2 Re8+ 9. Ne2 h5 10. h3 Nd7 11. Be3 Nf8 12. O-O-O Be6 13. Kb1 h4 14. Bf4 Bd5 15. Bxd6 Qxd6 16. Rhg1 b5 17. g3 Ng6 18. b3 Bf3 19. Rde1 b4 20. Kb2 bxc3+ 21. Qxc3 Bxe2 22. Rxe2 Rxe2+ 23. Bxe2 Rd8 24. Rd1 hxg3 25. fxg3 Ne7 26. Qc5 Qc7 27. Bg4 Nd5 28. Rd3 a5 29. a3 g6 30. b4 axb4 31. axb4 Rb8 32. Rb3 Rb5 33. Qc4 Qb7 34. Bf3 Kg7 35. Ka3 Qa7+ 36. Kb2 Qd7 37. Bg4 f5 38. Bf3 Nb6 39. Qd3 Qd6 40. g4 fxg4 41. hxg4 Rxb4 42. Rxb4 Qxb4+ 43. Kc2 Qa4+ 44. Kd2 Nc4+ 45. Ke2 Qa2+ 46. Ke1 Qa1+ 47. Kf2 Na5 48. Kg3 Qg1+ 49. Bg2 Qe1+ 50. Kh3 Qc1 51. Kg3 Nb7 52. d5 cxd5 53. Bxd5 Qc7+ 54. Kg2 Nc5 55. Qd4+ Kg8 56. Qf6 Kf8 57. Qh8+ Ke7 58. Qg7 Qf4 0-1

[Event "EWCCC Online Preliminary-D 2020"]
[Site "Online"]
[Date "2020.12.19"]
[Round "5.3"]
[White "Narva, Mai"]
[Black "Jose Polanco, Kenia"]
[Result "1-0"]
[ECO "B39"]
[WhiteElo "2276"]
[BlackElo "1828"]
[Annotator "RC"]
[PlyCount "67"]
[EventDate "2020.12.19"]
[EventType "team-tourn"]
[EventCountry "NET"]
[SourceTitle "playchess.com"]
[Source "ChessBase"]
[SourceQuality "1"]
[TimeControl "900+5"]

1. e4 c5 2. Nf3 g6 3. c4 Bg7 4. d4 cxd4 5. Nxd4 Nc6 6. Be3 Nf6 7. Nc3 Ng4 8. Qxg4 Nxd4 9. Qd1 e5 10. Be2 O-O 11. O-O d6 12. Qd2 f5 13. exf5 Bxf5 14. Bxd4 exd4 15. Nb5 Qb6 16. Rad1 Rae8 17. Bf3 Be4 18. Bg4 Qc6 19. f3 Bf5 20. Bxf5 Rxf5 21. Nxd4 Qb6 22. Rf2 Rh5 23. Nb5 d5 24. Qd3 dxc4 25. Qxc4+ Kh8 26. Nd6 Rf8 27. Nf7+ Rxf7 28. Qxf7 Rf5 29. Qd7 Rf8 30. Qd6 Qb5 31. Rc2 Qa4 32. b3 Qa5 33. Rc7 Be5 34. Qxf8# 1-0

[Event "EWCCC Online Preliminary-D 2020"]
[Site "Online"]
[Date "2020.12.19"]
[Round "5.3"]
[White "Berezovska, Svetlana"]
[Black "Olde, Margareth"]
[Result "0-1"]
[ECO "B07"]
[WhiteElo "1793"]
[BlackElo "2233"]
[Annotator "RC"]
[PlyCount "114"]
[EventDate "2020.12.19"]
[EventType "team-tourn"]
[EventCountry "NET"]
[SourceTitle "playchess.com"]
[Source "ChessBase"]
[SourceQuality "1"]
[TimeControl "900+5"]

1. e4 d6 2. d4 Nf6 3. Nc3 e5 4. dxe5 dxe5 5. Qxd8+ Kxd8 6. Bc4 Ke8 7. Nf3 Bd6 8. O-O Be6 9. Bxe6 fxe6 10. h3 a6 11. Be3 Nc6 12. a3 h6 13. Rad1 g5 14. Rd3 Ke7 15. Rfd1 b5 16. Bc1 Rab8 17. Re3 Nd4 18. Ne1 g4 19. h4 a5 20. Ne2 Bc5 21. Nxd4 Bxd4 22. Re2 g3 23. Nd3 gxf2+ 24. Nxf2 Rbf8 25. Rf1 Ng4 26. c3 Bxf2+ 27. Rexf2 Nxf2 28. Rxf2 Rxf2 29. Kxf2 h5 30. Bg5+ Kf7 31. Ke3 Kg6 32. Kd3 Rh7 33. Ke3 Rf7 34. Ke2 c5 35. Ke3 Rf1 36. b4 axb4 37. axb4 cxb4 38. cxb4 Rb1 39. Be7 Rb3+ 40. Ke2 Kf7 41. Bd6 Ke8 42. Bc5 Kd7 43. Bf8 Rc3 44. Bc5 Rb3 45. Bf8 Rg3 46. Kf2 Rg4 47. Kf3 Rxh4 48. Bg7 Rf4+ 49. Ke3 Rg4 50. Bxe5 Rxg2 51. Kf3 Rg1 52. Kf2 Rb1 53. Bc3 Rb3 54. Be1 Kd6 55. Ke2 Ke5 56. Kd2 Kxe4 57. Kc2 Rf3 0-1

[Event "EWCCC Online Preliminary-D 2020"]
[Site "Online"]
[Date "2020.12.19"]
[Round "6.1"]
[White "Pipia, Ekaterine"]
[Black "Berezovska, Svetlana"]
[Result "1-0"]
[ECO "D38"]
[WhiteElo "2019"]
[BlackElo "1793"]
[Annotator "NA"]
[PlyCount "51"]
[EventDate "2020.12.19"]
[EventType "team-tourn"]
[EventCountry "NET"]
[SourceTitle "playchess.com"]
[Source "ChessBase"]
[SourceQuality "1"]
[TimeControl "900+5"]

1. d4 Nf6 2. c4 e6 3. Nf3 d5 4. Nc3 Bb4 5. Bg5 O-O 6. e3 h6 7. Bh4 b6 8. cxd5 exd5 9. Bd3 Re8 10. O-O Bg4 11. h3 Be6 12. Rc1 c5 13. Bb1 c4 14. Qc2 g6 15. e4 Bxc3 16. e5 Bb4 17. exf6 Bf5 18. Qa4 Bxb1 19. Qxb4 Be4 20. Qd2 Kh7 21. Ne5 g5 22. Bxg5 hxg5 23. Qxg5 Bg6 24. Nxf7 Qd7 25. Qh6+ Kg8 26. Qg7# 1-0

[Event "EWCCC Online Preliminary-D 2020"]
[Site "Online"]
[Date "2020.12.19"]
[Round "6.1"]
[White "Lomaia, Diana"]
[Black "Berezovsky, Fiorina"]
[Result "1-0"]
[ECO "E11"]
[WhiteElo "1946"]
[BlackElo "1665"]
[Annotator "NA"]
[PlyCount "71"]
[EventDate "2020.12.19"]
[EventType "team-tourn"]
[EventCountry "NET"]
[SourceTitle "playchess.com"]
[Source "ChessBase"]
[SourceQuality "1"]
[TimeControl "900+5"]

1. d4 Nf6 2. c4 e6 3. g3 Bb4+ 4. Bd2 Bxd2+ 5. Nxd2 d5 6. Bg2 O-O 7. Ngf3 Nc6 8. O-O dxc4 9. Nxc4 Re8 10. e3 a6 11. Rc1 Nb4 12. a3 Nbd5 13. Nce5 Nd7 14. Qc2 Nxe5 15. Nxe5 f6 16. Nc4 b5 17. Na5 Qd7 18. e4 Ne7 19. Rfd1 Ra7 20. b4 f5 21. exf5 Nxf5 22. Bc6 Qe7 23. Bxe8 Qxe8 24. Qc5 Ra8 25. Qxc7 Qh5 26. Qd8+ Kf7 27. Rc7+ Kg6 28. Qe8+ Kg5 29. Qxh5+ Kxh5 30. Rdc1 Nd6 31. R1c6 Bb7 32. Nxb7 Nxb7 33. Rxb7 Rd8 34. Rxe6 Rxd4 35. Rxg7 h6 36. Re5# 1-0

[Event "EWCCC Online Preliminary-D 2020"]
[Site "Online"]
[Date "2020.12.19"]
[Round "6.1"]
[White "Jose Polanco, Kenia"]
[Black "Esadze, Tamari"]
[Result "0-1"]
[ECO "D00"]
[WhiteElo "1828"]
[BlackElo "1889"]
[Annotator "NA"]
[PlyCount "96"]
[EventDate "2020.12.19"]
[EventType "team-tourn"]
[EventCountry "NET"]
[SourceTitle "playchess.com"]
[Source "ChessBase"]
[SourceQuality "1"]
[TimeControl "900+5"]

1. d4 d5 2. Bf4 Nf6 3. e3 Bf5 4. c4 e6 5. Nc3 Bd6 6. Bg5 dxc4 7. Bxc4 Bg6 8. Qb3 Nbd7 9. Nf3 O-O 10. e4 Be7 11. e5 Ne4 12. Be3 Nb6 13. Be2 a5 14. a4 Rc8 15. O-O Nxc3 16. bxc3 c5 17. Rfd1 c4 18. Qa2 Nd5 19. Rdc1 Qc7 20. Nd2 Bd3 21. Bf3 h6 22. Ne4 b6 23. Ng3 Nxe3 24. fxe3 Bg5 25. Re1 f6 26. exf6 Bxf6 27. Nh5 Bg5 28. Ng3 Bh4 29. Qf2 e5 30. e4 exd4 31. Qxd4 Bxg3 32. hxg3 Qxg3 33. Qd5+ Kh8 34. e5 Rcd8 35. Qc6 Rc8 36. Qd5 Rc5 37. Qb7 Rxe5 38. Rxe5 Qxe5 39. Qxb6 Qxc3 40. Rd1 Qc2 41. Qc6 c3 42. Qd5 Be2 43. Bxe2 Qxe2 44. Qd6 Qf2+ 45. Kh1 c2 46. Rc1 Re8 47. Qg6 Re1+ 48. Kh2 Qh4# 0-1

[Event "EWCCC Online Preliminary-D 2020"]
[Site "Online"]
[Date "2020.12.19"]
[Round "6.1"]
[White "Rubsamen, Anais"]
[Black "Donghvani, Nia"]
[Result "0-1"]
[ECO "A04"]
[WhiteElo "1692"]
[BlackElo "1985"]
[Annotator "NA"]
[PlyCount "122"]
[EventDate "2020.12.19"]
[EventType "team-tourn"]
[EventCountry "NET"]
[SourceTitle "playchess.com"]
[Source "ChessBase"]
[SourceQuality "1"]
[TimeControl "900+5"]

1. Nf3 c5 2. g3 Nc6 3. Bg2 g6 4. O-O Bg7 5. e4 e6 6. c3 Nge7 7. d4 cxd4 8. cxd4 d5 9. e5 O-O 10. Bg5 Qb6 11. Bf6 Qxb2 12. Nbd2 Nf5 13. Nb3 h5 14. Re1 b6 15. Re2 Qa3 16. Rc2 Bb7 17. Bf1 Rfc8 18. Bb5 Nb4 19. Rxc8+ Rxc8 20. Ne1 Ba6 21. Bxa6 Qxa6 22. h3 Rc4 23. g4 hxg4 24. hxg4 Nh6 25. Qf3 Qc8 26. Bxg7 Kxg7 27. Qf6+ Kg8 28. Nf3 Rc2 29. Ng5 Qe8 30. Rc1 Rxc1+ 31. Nxc1 Nxg4 32. Qf3 Nh6 33. a3 Nc6 34. Ne2 Qe7 35. Qf4 Nf5 36. Ng3 Nxg3 37. fxg3 Qf8 38. Qh4 Qg7 39. Kf2 Ne7 40. g4 Nc6 41. Ke3 Na5 42. Kd3 Nc4 43. Nf3 Nxa3 44. Qd8+ Qf8 45. Qc7 Nb5 46. Qd7 Qa3+ 47. Ke2 Qb2+ 48. Ke3 Qc1+ 49. Nd2 Qc3+ 50. Ke2 Nxd4+ 51. Kd1 Qc2+ 52. Ke1 Qc1+ 53. Kf2 Qxd2+ 54. Kg3 Qe3+ 55. Kg2 Qf3+ 56. Kh2 Qf4+ 57. Kh1 Qe4+ 58. Kh2 Qxe5+ 59. Kh1 Nf3 60. Qe8+ Kg7 61. Qe7 Qh2# 0-1

[Event "EWCCC Online Preliminary-D 2020"]
[Site "Online"]
[Date "2020.12.19"]
[Round "6.3"]
[White "Balajayeva, Khanim"]
[Black "Sarakauskiene, Zivile"]
[Result "1-0"]
[ECO "B22"]
[WhiteElo "2376"]
[BlackElo "2101"]
[Annotator "NA RC"]
[PlyCount "45"]
[EventDate "2020.12.19"]
[EventType "team-tourn"]
[EventCountry "NET"]
[SourceTitle "playchess.com"]
[Source "ChessBase"]
[SourceQuality "1"]
[TimeControl "900+5"]

1. e4 c5 2. c3 d5 3. exd5 Qxd5 4. d4 e6 5. Nf3 Nf6 6. Be3 Nbd7 7. c4 Qc6 8. Nc3 a6 9. d5 exd5 10. cxd5 Qc7 11. Bd3 Nb6 12. O-O Be7 13. Bg5 O-O 14. Bxf6 Bxf6 15. d6 Qd8 16. Ne4 Bxb2 17. Rb1 Bd4 18. Nxd4 cxd4 19. Qh5 f5 20. Rxb6 Qxb6 21. Bc4+ Kh8 22. Ng5 h6 23. Qg6 1-0

[Event "EWCCC Online Preliminary-D 2020"]
[Site "Online"]
[Date "2020.12.19"]
[Round "6.3"]
[White "Ciuksyte, Dagne"]
[Black "Mammadova, Gulnar"]
[Result "0-1"]
[ECO "C08"]
[WhiteElo "2294"]
[BlackElo "2382"]
[Annotator "NA"]
[PlyCount "52"]
[EventDate "2020.12.19"]
[EventType "team-tourn"]
[EventCountry "NET"]
[SourceTitle "playchess.com"]
[Source "ChessBase"]
[SourceQuality "1"]
[TimeControl "900+5"]

1. e4 e6 2. d4 d5 3. Nd2 a6 4. Ngf3 c5 5. exd5 exd5 6. dxc5 Bxc5 7. Bd3 Qe7+ 8. Be2 Nf6 9. O-O O-O 10. Nb3 Bb6 11. Bg5 Nc6 12. c3 Re8 13. Bd3 Bg4 14. Nbd2 Ne5 15. Be2 Ng6 16. Re1 h6 17. Bxf6 Qxf6 18. h3 Bd7 19. Qb3 Nf4 20. Bf1 Qg6 21. Ne5 Rxe5 22. Rxe5 Nxh3+ 23. Kh2 Nxf2 24. Nf3 Ng4+ 25. Kh1 Nxe5 26. Nxe5 Qh5# 0-1

[Event "EWCCC Online Preliminary-D 2020"]
[Site "Online"]
[Date "2020.12.19"]
[Round "7.1"]
[White "Velikic, Adela"]
[Black "Sarakauskiene, Zivile"]
[Result "1-0"]
[ECO "E20"]
[WhiteElo "2278"]
[BlackElo "2101"]
[Annotator "RC"]
[PlyCount "75"]
[EventDate "2020.12.19"]
[EventType "team-tourn"]
[EventCountry "NET"]
[SourceTitle "playchess.com"]
[Source "ChessBase"]
[SourceQuality "1"]
[TimeControl "900+5"]

1. d4 Nf6 2. c4 e6 3. Nc3 Bb4 4. g3 O-O 5. Bg2 d5 6. Nf3 dxc4 7. O-O c5 8. dxc5 Bxc5 9. Qa4 Bd7 10. Qxc4 Qc8 11. Ne5 Na6 12. Ne4 Nxe4 13. Qxe4 Rb8 14. Nxd7 Qxd7 15. Bf4 Rbd8 16. Qxb7 Qxb7 17. Bxb7 Nb4 18. a3 Nd5 19. Bxd5 Rxd5 20. Rfd1 Rfd8 21. Rxd5 Rxd5 22. Rc1 Bb6 23. Rc8+ Rd8 24. Rxd8+ Bxd8 25. e4 g5 26. Be3 a6 27. Kf1 Kf8 28. Ke2 Ke8 29. Kd3 Kd7 30. Kc4 Kc6 31. b4 g4 32. a4 e5 33. Bc5 Bc7 34. b5+ axb5+ 35. axb5+ Kd7 36. Kd5 f6 37. Ba7 Bd8 38. b6 1-0

[Event "EWCCC Online Preliminary-D 2020"]
[Site "Online"]
[Date "2020.12.19"]
[Round "7.3"]
[White "Maltsevskaya, Aleksandra"]
[Black "Lomaia, Diana"]
[Result "1-0"]
[ECO "B47"]
[WhiteElo "2311"]
[BlackElo "1946"]
[Annotator "RC"]
[PlyCount "43"]
[EventDate "2020.12.19"]
[EventType "team-tourn"]
[EventCountry "NET"]
[SourceTitle "playchess.com"]
[Source "ChessBase"]
[SourceQuality "1"]
[TimeControl "900+5"]

1. e4 c5 2. Nf3 e6 3. d4 cxd4 4. Nxd4 Nc6 5. Nc3 Qc7 6. f4 a6 7. Nxc6 Qxc6 8. Bd3 Bc5 9. Bd2 b5 10. Qh5 b4 11. Na4 Ba7 12. Qa5 Nf6 13. O-O-O Ng4 14. Bxb4 Nf2 15. Qg5 d6 16. Qxg7 Ke7 17. Qxh8 Nxd1 18. Rxd1 Bb7 19. Qc3 Qxa4 20. Bxd6+ Ke8 21. Qf6 Be3+ 22. Kb1 1-0

[Event "EWCCC Online Preliminary-D 2020"]
[Site "Online"]
[Date "2020.12.19"]
[Round "7.4"]
[White "Dubovyk, Anastasiia"]
[Black "Jose Polanco, Kenia"]
[Result "1/2-1/2"]
[ECO "B27"]
[WhiteElo "1971"]
[BlackElo "1828"]
[Annotator "NA"]
[PlyCount "127"]
[EventDate "2020.12.19"]
[EventType "team-tourn"]
[EventCountry "NET"]
[SourceTitle "playchess.com"]
[Source "ChessBase"]
[SourceQuality "1"]
[TimeControl "900+5"]

1. e4 c5 2. Nf3 g6 3. c3 Bg7 4. d4 cxd4 5. cxd4 d5 6. e5 Bg4 7. Nbd2 e6 8. h3 Bxf3 9. Nxf3 Nc6 10. Bd2 Nge7 11. Bb5 O-O 12. O-O Rc8 13. Rc1 Qb6 14. Bxc6 Nxc6 15. Bc3 Bh6 16. Bd2 Bg7 17. Bc3 Bh6 18. Rc2 Nb4 19. Bxb4 Qxb4 20. a3 Qb6 21. b4 a5 22. bxa5 Qxa5 23. Rb2 b5 24. Qb3 Rb8 25. Nh2 Rfc8 26. Ng4 Bg7 27. Ra1 Rc3 28. Qb4 Qxb4 29. Rxb4 Bf8 30. Rbb1 Bxa3 31. Ne3 b4 32. Ra2 Rbc8 33. Kh2 Rd3 34. Rc2 Rxc2 35. Nxc2 Rd2 36. Nxb4 Bxb4 37. Rxb4 Rxf2 38. Kg3 Rd2 39. Kf3 Kg7 40. h4 g5 41. hxg5 Kg6 42. g3 Kxg5 43. Ke3 Rg2 44. Kf3 Rd2 45. Ke3 Rd1 46. Rb8 h5 47. Rg8+ Kh6 48. g4 hxg4 49. Rxg4 Rh1 50. Rg3 Rh4 51. Rg2 Kh7 52. Rg1 Re4+ 53. Kd3 Rh4 54. Ke3 Rh6 55. Rf1 Kg7 56. Rg1+ Rg6 57. Rf1 f6 58. exf6+ Rxf6 59. Rxf6 Kxf6 60. Kf4 Kf7 61. Kf3 Kf6 62. Kf4 Kf7 63. Kf3 Kf6 64. Kf4 1/2-1/2

[Event "EWCCC Online Preliminary-D 2020"]
[Site "Online"]
[Date "2020.12.19"]
[Round "7.4"]
[White "Mashchenko, Tamila"]
[Black "Rubsamen, Anais"]
[Result "1-0"]
[ECO "A24"]
[WhiteElo "1768"]
[BlackElo "1692"]
[Annotator "NA"]
[PlyCount "53"]
[EventDate "2020.12.19"]
[EventType "team-tourn"]
[EventCountry "NET"]
[SourceTitle "playchess.com"]
[Source "ChessBase"]
[SourceQuality "1"]
[TimeControl "900+5"]

1. c4 g6 2. Nc3 Bg7 3. g3 Nf6 4. Bg2 c6 5. e4 e5 6. Nge2 d6 7. O-O O-O 8. d3 Bg4 9. h3 Bxe2 10. Qxe2 Na6 11. f4 Nc5 12. f5 Nh5 13. Kh2 Nf6 14. b4 Na6 15. Rb1 Nc7 16. g4 d5 17. g5 Nh5 18. f6 Bh8 19. exd5 cxd5 20. Nxd5 Nxd5 21. Bxd5 Nf4 22. Bxf4 exf4 23. Qf3 h6 24. Qxf4 hxg5 25. Qxg5 Re8 26. Qxg6+ Kf8 27. Qxf7# 1-0

[Event "EWCCC Online Preliminary-D 2020"]
[Site "Online"]
[Date "2020.12.19"]
[Round "7.4"]
[White "Berezovsky, Fiorina"]
[Black "Tsirulnik, Anna"]
[Result "1-0"]
[ECO "D94"]
[WhiteElo "1665"]
[BlackElo "1854"]
[Annotator "NA"]
[PlyCount "75"]
[EventDate "2020.12.19"]
[EventType "team-tourn"]
[EventCountry "NET"]
[SourceTitle "playchess.com"]
[Source "ChessBase"]
[SourceQuality "1"]
[TimeControl "900+5"]

1. d4 Nf6 2. Nf3 g6 3. c4 Bg7 4. e3 O-O 5. Be2 d5 6. Nc3 c5 7. O-O cxd4 8. exd4 Nc6 9. cxd5 Nxd5 10. Qb3 Nb6 11. Rd1 Bg4 12. Be3 e6 13. h3 Bxf3 14. Bxf3 Qd7 15. Ne4 Na5 16. Qc3 Nac4 17. Nc5 Qb5 18. b3 Qxc5 19. bxc4 Qxc4 20. Qxc4 Nxc4 21. Rac1 Na5 22. Rc7 Rac8 23. Rdc1 Rxc7 24. Rxc7 Rb8 25. d5 Be5 26. Rd7 Rc8 27. g3 Rc7 28. Rd8+ Kg7 29. Bxa7 exd5 30. Rxd5 Rc1+ 31. Kg2 Nc6 32. Rb5 Nxa7 33. Rxe5 Kf6 34. Ra5 Nc6 35. Rb5 Ra1 36. Rxb7 Na5 37. Rb6+ Ke5 38. Rb5+ 1-0

[Event "EWCCC Online Preliminary-D 2020"]
[Site "Online"]
[Date "2020.12.19"]
[Round "8.1"]
[White "Tsirulnik, Anna"]
[Black "Maltsevskaya, Aleksandra"]
[Result "0-1"]
[ECO "E90"]
[WhiteElo "1854"]
[BlackElo "2311"]
[Annotator "NA RC"]
[PlyCount "88"]
[EventDate "2020.12.19"]
[EventType "team-tourn"]
[EventCountry "NET"]
[SourceTitle "playchess.com"]
[Source "ChessBase"]
[SourceQuality "1"]
[TimeControl "900+5"]

1. d4 Nf6 2. c4 g6 3. Nc3 Bg7 4. e4 d6 5. h3 O-O 6. Nf3 Na6 7. Be3 c5 8. dxc5 Nxc5 9. e5 Nfe4 10. Nxe4 Nxe4 11. exd6 Qa5+ 12. Bd2 Qb6 13. Be3 Qxb2 14. dxe7 Re8 15. Rb1 Qxa2 16. Bd3 Nc3 17. Qb3 Qa5 18. Qb4 Nxb1 19. Qxa5 Bc3+ 20. Qxc3 Nxc3 21. Kd2 Na4 22. Ra1 Nb2 23. Rxa7 Rxa7 24. Bxa7 Nxd3 25. Kxd3 Rxe7 26. Nd4 h5 27. Bb6 Bd7 28. c5 Re1 29. h4 f6 30. g3 Kf7 31. Nf3 Bb5+ 32. Kc3 Rf1 33. Nd2 Rc1+ 34. Kd4 Bc6 35. Bc7 g5 36. Bd6 Ke6 37. Ke3 b5 38. Ke2 b4 39. Nb3 Rc3 40. Nd4+ Kd5 41. Nf3 b3 42. Nd2 b2 43. hxg5 Bb5+ 44. Ke1 Rc1# 0-1

[Event "EWCCC Online Preliminary-D 2020"]
[Site "Online"]
[Date "2020.12.19"]
[Round "8.3"]
[White "Narva, Regina"]
[Black "Maisuradze, Nino"]
[Result "0-1"]
[ECO "B30"]
[WhiteElo "1901"]
[BlackElo "2214"]
[Annotator "NA RC"]
[PlyCount "58"]
[EventDate "2020.12.19"]
[EventType "team-tourn"]
[EventCountry "NET"]
[SourceTitle "playchess.com"]
[Source "ChessBase"]
[SourceQuality "1"]
[TimeControl "900+5"]

1. e4 c5 2. Nc3 Nc6 3. Nf3 e5 4. g3 d6 5. Bg2 Bg4 6. h3 Be6 7. d3 Be7 8. Nh2 Qd7 9. g4 h5 10. Be3 hxg4 11. Nxg4 Nd4 12. Nd5 Bh4 13. c3 Nc6 14. Qe2 Nge7 15. O-O-O O-O-O 16. f4 exf4 17. Bxf4 Ng6 18. Be3 Rde8 19. c4 f5 20. Nf2 Bg3 21. exf5 Bxd5 22. cxd5 Nd4 23. Qd2 Rxe3 24. fxg6 Re2 25. Qa5 Bxf2 26. h4 Be3+ 27. Kb1 Rxg2 28. Qxa7 Rxb2+ 29. Ka1 Qb5 0-1

[Event "EWCCC Online Preliminary-D 2020"]
[Site "Online"]
[Date "2020.12.19"]
[Round "9.4"]
[White "Rubsamen, Anais"]
[Black "Salimova, Nurgyul"]
[Result "0-1"]
[ECO "A07"]
[WhiteElo "1692"]
[BlackElo "2397"]
[Annotator "RC"]
[PlyCount "70"]
[EventDate "2020.12.19"]
[EventType "team-tourn"]
[EventCountry "NET"]
[SourceTitle "playchess.com"]
[Source "ChessBase"]
[SourceQuality "1"]
[TimeControl "900+5"]

1. Nf3 d5 2. g3 Nf6 3. Bg2 g6 4. O-O Bg7 5. c4 O-O 6. d3 c5 7. Bg5 dxc4 8. dxc4 Ne4 9. Qc2 Nxg5 10. Nxg5 Nc6 11. Bxc6 bxc6 12. Nf3 Bf5 13. e4 Bg4 14. Nbd2 Rb8 15. Rab1 Qa5 16. b3 Rfd8 17. Kg2 Bh6 18. Rfd1 Bxd2 19. b4 Bxb4 20. Rxd8+ Rxd8 21. Ne5 Bd7 22. Rd1 Be8 23. Rxd8 Qxd8 24. Qa4 Bc3 25. Nf3 Qd7 26. Qa3 Bd4 27. Qa6 f6 28. Qa4 Bf7 29. Qb3 Kg7 30. a4 Qe6 31. Nd2 f5 32. exf5 Qe2 33. Nf3 Bxc4 34. Qb1 Qxf2+ 35. Kh1 Qxf3# 0-1